 Dungeon Crawl Stone Soup version 0.31-a0-986-g5e6e4ef867 (webtiles) character file.

Game seed: 3587733233525953898

86 zzzz the Chopper (level 4, -2/40 HPs)
             Began as a Hill Orc Fighter on Nov 16, 2023.
             Slain by a black bear (5 damage)
             ... on level 4 of the Dungeon.
             The game lasted 00:06:47 (2895 turns).

zzzz the Chopper (Hill Orc Fighter)                 Turns: 2895, Time: 00:06:47

Health: -2/40      AC: 10    Str: 20    XL:     4   Next: 49%
Magic:  4/4        EV:  7    Int: 14    God:
Gold:   238        SH:  4    Dex: 10    Spells: 1/3 levels left

rFire   . . .        a - +0 war axe
rCold   . . .        c - +0 buckler
rNeg    . . .        l - +0 chain mail
rPois   .            (no helmet)
rElec   .            (no cloak)
rCorr   .            k - +0 pair of gloves
SInv    .            (no boots)
Will    .....        (no amulet) Stlth
                     r - +6 ring of intelligence
HPRegen 0.26/turn    (no ring)
MPRegen 0.09/turn

%: no passive effects
@: no status effects
A: no striking features
a: no special abilities


You were on level 4 of the Dungeon.
You visited 1 branch of the dungeon, and saw 4 of its levels.

You collected 238 gold pieces.

Inventory:

Hand Weapons
 a - a +0 war axe (weapon)
Armour
 c - a +0 buckler (worn)
 k - a +0 pair of gloves (worn)
 l - a +0 chain mail (worn)
Jewellery
 r - a +6 ring of intelligence (left hand)
Scrolls
 b - a scroll of revelation {unknown}
 e - a scroll of immolation {unknown}
 g - 4 scrolls of teleportation {unknown}
 i - a scroll of identify {unknown}
 j - a scroll of noise {unknown}
 m - 2 scrolls of torment {unknown}
 n - 2 scrolls of fear {unknown}
 o - a scroll of summoning {unknown}
 p - a scroll of enchant armour {unknown}
 q - a scroll of vulnerability {unknown}
Potions
 d - a potion of might
 f - a potion of ambrosia {unknown}
 h - 4 potions of mutation {unknown}


   Skills:
 + Level 4.0 Fighting
 + Level 4.7 Axes
 + Level 3.8 Armour
 + Level 0.3 Dodging
 + Level 3.7 Shields


You had one spell level left.
You knew the following spells:

 Your Spells              Type           Power      Damage    Failure   Level
a - Momentum Strike       Conj/Tloc      0%         3d8       99%         2

Your spell library contained the following spells:

 Spells                   Type           Power      Damage    Failure   Level
 Blink                    Tloc           0%         N/A       99%         2
 Lesser Beckoning         Tloc           0%         N/A       99%         2


Dungeon Overview and Level Annotations

Branches:
Dungeon (4/15)
 Temple: D:4-7

Altars:

Shops:
D:1 (


Message History

The phantom hits you.
* * * LOW HITPOINT WARNING * * *
The phantom blinks!
You blink.
You miss the phantom.
The phantom is almost destroyed.
The phantom barely misses you.
Unknown command.
You barely miss the phantom.
The phantom is almost destroyed.
You block the phantom's attack.
The black bear bites you but does no damage.
The black bear claws you but does no damage. x2
The phantom hits you.
* * * LOW HITPOINT WARNING * * *
The phantom blinks!
You blink.
The phantom hits you but does no damage.
Unknown command.
The black bear bites you but does no damage.
The black bear claws you but does no damage.
The black bear claws you.
* * * LOW HITPOINT WARNING * * *
You block the phantom's attack.
Unknown command.
The black bear bites you but does no damage.
The black bear claws you.
* * * LOW HITPOINT WARNING * * *
The black bear claws you.
* * * LOW HITPOINT WARNING * * *
You block the phantom's attack.
Unknown command.
You hit the black bear.
The black bear is severely wounded.
You barely miss the phantom.
The black bear goes berserk!
The phantom hits you.
* * * LOW HITPOINT WARNING * * *
Unknown command.
Unknown command.
You hit the black bear.
The black bear is severely wounded.
You hit the phantom. The black bear bites you.
You die...

#######
#<....#
#####.#
#.######
#.)....#
#......#
#......#
#..h!..#
#..@...#
#..W...#
#.######
#.# #.#
#. #. #.


You could see a black bear (berserk) and a phantom.

Vanquished Creatures
  2 adders
  A dart slug (D:2)
  7 ball pythons
  6 bats
  5 endoplasms
  6 giant cockroaches
  4 goblins
  8 hobgoblins
  3 jackals
  6 kobolds
  4 frilled lizards
  6 rats
58 creatures vanquished.

Notes
Turn   | Place    | Note
-------+----------+-------------------------------------------
     0 | D:1      | zzzz the Hill Orc Fighter began the quest for the Orb.
     0 | D:1      | Reached XP level 1. HP: 19/19 MP: 1/1
   133 | D:1      | Found a faded altar of an unknown god.
   280 | D:1      | Reached XP level 2. HP: 27/27 MP: 2/2
   546 | D:1      | Found Koxkex's Weapon Shop.
  1019 | D:2      | Reached XP level 3. HP: 33/33 MP: 3/3
  1782 | D:2      | Reached XP level 4. HP: 40/40 MP: 4/4
  1806 | D:2      | Learned a level 2 spell: Momentum Strike
  2878 | D:4      | Noticed a phantom
  2878 | D:4      | Noticed a black bear
  2894 | D:4      | HP: 2/40 [phantom (2)]
  2895 | D:4      | Slain by a black bear

Illustrated notes

Levels and vault maps discovered:
D:1:      dpeg_arrival_connections, layout_loops_corners,
          shapermc_ecumenical_altar_flowoftime, serial_shops, shop
D:2:      minmay_razor_zed, layout_basic
D:3:      layout_rooms, minmay_misc_feat_enclosed,
          wander_ebering_terrifying_dragon_lair
D:4:      layout_basic

Skill      XL: |  1  2  3 |
---------------+----------+-----
Axes           | 3 4 |  4.7
Fighting       | 4 |  4.0
Armour         | |  3.8
Dodging        | |  0.3
Shields        | |  3.7

Action                     |  1- 3 |  4- 6 || total
---------------------------+-------+-------++-------
  Melee: War axe           |   115 |    44 ||   159
 Armour: Scale mail        |    36 |       ||    36
         Chain mail        |    70 |    75 ||   145
  Dodge: Dodged            |    79 |    15 ||    94
  Block: Buckler           |    42 |    14 ||    56

Table legend: (Time is in decaauts)
 A = Elapsed time spent in this place.
 B = Non-inter-level travel time spent in this place.
 C = Inter-level travel time spent in this place.
 D = Time resting spent in this place.
 E = Time spent auto-exploring this place.
 F = Levels seen in this place.
 G = Mean time per level.
                   A        B        C        D        E       F      G
               +--------+--------+--------+--------+--------+-----+--------+
         Total |   2949 |   2949 |      0 |      4 |   1768 |   4 |  737.2 |
       Dungeon |   2949 |   2949 |      0 |      4 |   1768 |   4 |  737.2 |
               +--------+--------+--------+--------+--------+-----+--------+

Top non-repeatable levels by time:
     D:2: 1298 daAuts
     D:1: 971 daAuts
     D:3: 655 daAuts
     D:4: 24 daAuts
